NWL (28 & UNDER)
LA CROSSE LOGGERS @ CULVER CITY EXTRAS
08/11/2023
 
TOP OF THE 1ST
La Crosse Loggers batting - Pitching for Culver City Extras : RHP Guy Smith
Pitching: RHP Guy Smith
Batting: LHB Ricardo Ruíz 0-0: Ball
1-0: Ground out 4-3 (Groundball, 4)
Batting: LHB Oliver Beltrán 0-0: Called Strike
0-1: Foul Ball, location: 2F
0-2: Ball
1-2: Strikes out swinging
Batting: RHB Paul Bailey 0-0: Fly out, F4 (Popup, 34)
Top of the 1st over - 0 run(s), 0 hit(s), 0 error(s), 0 left on base; La Crosse 0 - Culver City 0
BOTTOM OF THE 1ST
Culver City Extras batting - Pitching for La Crosse Loggers : RHP Tony López
Pitching: RHP Tony López
Batting: LHB Richard Bell 0-0: Ball
1-0: Reached on error, E3 (Groundball, 3)
Batting: SHB Cipriano Soto 0-0: Called Strike
0-1: Ball
1-1: Ball
2-1: Fly out, F8 (Flyball, 8LM)
Batting: LHB Jason Lambert 0-0: Ground out 5-3 (Groundball, 5S)
Richard Bell to second
Batting: RHB Bill Little 0-0: Foul Ball, location: 2F
0-1: Ball
1-1: Fly out, F8 (Flyball, 8RM)
Bottom of the 1st over - 0 run(s), 0 hit(s), 1 error(s), 1 left on base; La Crosse 0 - Culver City 0
TOP OF THE 2ND
La Crosse Loggers batting - Pitching for Culver City Extras : RHP Guy Smith
Batting: RHB Sergio Sánchez 0-0: Ball
1-0: Ground out U3 (Groundball, 3L)
Batting: RHB Jon Kenney 0-0: Ball
1-0: Ball
2-0: Fly out, F8 (Flyball, 78M)
Batting: RHB Fraser Stanton 0-0: Ball
1-0: Called Strike
1-1: Ball
2-1: Ball
3-1: Base on Balls
Batting: RHB Robert Barnard 0-0: Ball
Fraser Stanton steals 2nd base
1-0: Called Strike
1-1: Ball
2-1: SINGLE (Groundball, 6MD) (infield hit)
Fraser Stanton to third
Batting: RHB Vicente Vélez 0-0: Ball
1-0: Called Strike
1-1: Foul Ball, location: 2F
1-2: Ball
2-2: Foul Ball, location: 2F
2-2: Fly out, F9 (Flyball, 9LS)
Top of the 2nd over - 0 run(s), 1 hit(s), 0 error(s), 2 left on base; La Crosse 0 - Culver City 0
BOTTOM OF THE 2ND
Culver City Extras batting - Pitching for La Crosse Loggers : RHP Tony López
Batting: RHB Max Rash 0-0: Ball
1-0: Ball
2-0: Called Strike
2-1: Swinging Strike
2-2: Ball
3-2: Base on Balls
Batting: LHB Stan Bates 0-0: Called Strike
0-1: Ball
1-1: Grounds into double play, 4-6-3 (Groundball, 4)
Batting: RHB Jesús Gonzáles 0-0: Ball
1-0: Ground out 4-3 (Groundball, 4)
Bottom of the 2nd over - 0 run(s), 0 hit(s), 0 error(s), 0 left on base; La Crosse 0 - Culver City 0
TOP OF THE 3RD
La Crosse Loggers batting - Pitching for Culver City Extras : RHP Guy Smith
Batting: RHB Jimmy Smith 0-0: Called Strike
0-1: Called Strike
0-2: Ball
1-2: Ball
2-2: Foul Ball, location: 2F
2-2: Strikes out swinging
Batting: LHB Ricardo Ruíz 0-0: Called Strike
0-1: Foul Ball, location: 2F
0-2: Ball
1-2: Ball
2-2: DOUBLE (Line Drive, 9LS)
Batting: LHB Oliver Beltrán 0-0: Foul Ball, location: 2F
0-1: Ball
1-1: Called Strike
1-2: Ball
2-2: Strikes out swinging
Batting: RHB Paul Bailey 0-0: Foul Ball, location: 2F
0-1: Fly out, F7 (Flyball, 78M)
Top of the 3rd over - 0 run(s), 1 hit(s), 0 error(s), 1 left on base; La Crosse 0 - Culver City 0
BOTTOM OF THE 3RD
Culver City Extras batting - Pitching for La Crosse Loggers : RHP Tony López
Batting: RHB Cal Rogers 0-0: Swinging Strike
0-1: Ball
1-1: Foul Ball, location: 2F
1-2: Foul Ball, location: 2F
1-2: Ball
2-2: Foul Ball, location: 2F
2-2: Fly out, F9 (Flyball, 9S)
Batting: RHB Francisco Rodríguez 0-0: Ball
1-0: Fly out, F8 (Flyball, 78S)
Batting: LHB Richard Bell 0-0: Called Strike
0-1: Ground out 5-3 (Groundball, 5L)
Bottom of the 3rd over - 0 run(s), 0 hit(s), 0 error(s), 0 left on base; La Crosse 0 - Culver City 0
TOP OF THE 4TH
La Crosse Loggers batting - Pitching for Culver City Extras : RHP Guy Smith
Batting: RHB Sergio Sánchez 0-0: SOLO HOME RUN (Flyball, 78XD), Distance : 391 ft
Batting: RHB Jon Kenney 0-0: Ball
1-0: Called Strike
1-1: Foul Ball, location: 2F
1-2: Strikes out swinging
Batting: RHB Fraser Stanton 0-0: Swinging Strike
0-1: Foul Ball, location: 2F
0-2: SOLO HOME RUN (Flyball, 7D), Distance : 359 ft
Batting: RHB Robert Barnard 0-0: Ball
1-0: Foul Ball, location: 2F
1-1: Foul Ball, location: 2F
1-2: Fly out, F7 (Flyball, 7LD)
Batting: RHB Vicente Vélez 0-0: Called Strike
0-1: Foul Ball, location: 2F
0-2: SINGLE (Line Drive, 8LS)
Batting: RHB Jimmy Smith 0-0: Ball
1-0: Foul Ball, location: 2F
1-1: Ball
2-1: Fly out, F2 (Popup, 2RF)
Top of the 4th over - 2 run(s), 3 hit(s), 0 error(s), 1 left on base; La Crosse 2 - Culver City 0
BOTTOM OF THE 4TH
Culver City Extras batting - Pitching for La Crosse Loggers : RHP Tony López
Batting: SHB Cipriano Soto 0-0: Swinging Strike
0-1: Called Strike
0-2: Ball
1-2: Ball
2-2: Strikes out swinging
Batting: LHB Jason Lambert 0-0: Called Strike
0-1: Fly out, F5 (Popup, 5SF)
Batting: RHB Bill Little 0-0: Called Strike
0-1: SINGLE (Line Drive, 89M)
Batting: RHB Max Rash 0-0: Ball
1-0: Ball
2-0: Foul Ball, location: 2F
2-1: Ball
3-1: Base on Balls
Bill Little to second
Batting: LHB Stan Bates 0-0: Ball
1-0: Foul Ball, location: 2F
1-1: Ball
2-1: Ground out 1-3 (Groundball, 13)
Bottom of the 4th over - 0 run(s), 1 hit(s), 0 error(s), 2 left on base; La Crosse 2 - Culver City 0
TOP OF THE 5TH
La Crosse Loggers batting - Pitching for Culver City Extras : RHP Guy Smith
Batting: LHB Ricardo Ruíz 0-0: Fly out, F7 (Flyball, 7LM)
Batting: LHB Oliver Beltrán 0-0: Ball
1-0: Ball
2-0: Ball
3-0: Base on Balls
Batting: RHB Paul Bailey 0-0: Ball
Passed Ball!
Oliver Beltrán to second
1-0: Ball
2-0: Swinging Strike
2-1: Fly out, F8 (Flyball, 78S)
Batting: RHB Sergio Sánchez 0-0: Called Strike
0-1: Swinging Strike
0-2: Strikes out looking
Top of the 5th over - 0 run(s), 0 hit(s), 0 error(s), 1 left on base; La Crosse 2 - Culver City 0
BOTTOM OF THE 5TH
Culver City Extras batting - Pitching for La Crosse Loggers : RHP Tony López
Batting: RHB Jesús Gonzáles 0-0: Called Strike
0-1: Foul Ball, location: 2F
0-2: Fly out, F8 (Flyball, 89M)
Batting: RHB Cal Rogers 0-0: Called Strike
0-1: Ball
1-1: SINGLE (Line Drive, 9LS)
Batting: RHB Francisco Rodríguez 0-0: Fly out, F5 (Line Drive, 5)
Batting: LHB Richard Bell 0-0: Ball
1-0: Ball
2-0: Called Strike
2-1: Foul Ball, location: 2F
2-2: Foul Ball, location: 2F
2-2: Ball
3-2: Foul Ball, location: 2F
3-2: Base on Balls
Cal Rogers to second
Batting: SHB Cipriano Soto 0-0: Foul Ball, location: 2F
0-1: Called Strike
0-2: Ball
1-2: Ball
2-2: Ball
3-2: Base on Balls
Cal Rogers to third
Richard Bell to second
Batting: LHB Jason Lambert 0-0: Called Strike
0-1: Ball
1-1: Swinging Strike
1-2: Strikes out swinging
Bottom of the 5th over - 0 run(s), 1 hit(s), 0 error(s), 3 left on base; La Crosse 2 - Culver City 0
TOP OF THE 6TH
La Crosse Loggers batting - Pitching for Culver City Extras : RHP Guy Smith
Batting: RHB Jon Kenney 0-0: Ground out 6-3 (Groundball, 56)
Batting: RHB Fraser Stanton 0-0: Ball
1-0: Ball
2-0: Ball
3-0: Foul Ball, location: 2F
3-1: Called Strike
3-2: Foul Ball, location: 2F
3-2: Strikes out swinging
Batting: RHB Robert Barnard 0-0: Called Strike
0-1: Ball
1-1: Swinging Strike
1-2: SINGLE (Line Drive, 6MD)
Batting: RHB Vicente Vélez 0-0: Ball
1-0: Ball
2-0: Ball
Passed Ball!
Robert Barnard to second
3-0: Called Strike
3-1: 2-RUN HOME RUN (Flyball, 78XD), Distance : 398 ft
Batting: RHB Jimmy Smith 0-0: Foul Ball, location: 2F
0-1: Ball
1-1: Ground out 4-3 (Groundball, 4)
Top of the 6th over - 2 run(s), 2 hit(s), 0 error(s), 0 left on base; La Crosse 4 - Culver City 0
BOTTOM OF THE 6TH
Culver City Extras batting - Pitching for La Crosse Loggers : RHP Tony López
Batting: RHB Bill Little 0-0: Ball
1-0: Foul Ball, location: 2F
1-1: Ball
2-1: Foul Ball, location: 2F
2-2: Strikes out swinging
Batting: RHB Max Rash 0-0: Ball
1-0: Foul Ball, location: 2F
1-1: Foul Ball, location: 2F
1-2: Ball
2-2: Ball
3-2: TRIPLE (Flyball, 89XD)
Batting: LHB Stan Bates 0-0: Ball
1-0: Swinging Strike
1-1: Ball
2-1: Called Strike
2-2: Fly out, F6 (Popup, 6MS)
Pitching: RHP David Washington
Batting: RHB Jesús Gonzáles 0-0: SINGLE (Flyball, 8RS)
Max Rash scores
Batting: RHB Cal Rogers 0-0: Called Strike
Jesús Gonzáles steals 2nd base
0-1: Called Strike
0-2: Ground out 5-3 (Groundball, 56)
Bottom of the 6th over - 1 run(s), 2 hit(s), 0 error(s), 1 left on base; La Crosse 4 - Culver City 1
TOP OF THE 7TH
La Crosse Loggers batting - Pitching for Culver City Extras : RHP Guy Smith
Pitching: RHP Jeffrey Campbell
Batting: LHB Ricardo Ruíz 0-0: Called Strike
0-1: Called Strike
0-2: Strikes out swinging
Batting: LHB Oliver Beltrán 0-0: Called Strike
0-1: Swinging Strike
0-2: Ground out 5-3 (Groundball, 5S)
Batting: RHB Paul Bailey 0-0: Ground out 5-3 (Groundball, 5S)
Top of the 7th over - 0 run(s), 0 hit(s), 0 error(s), 0 left on base; La Crosse 4 - Culver City 1
BOTTOM OF THE 7TH
Culver City Extras batting - Pitching for La Crosse Loggers : RHP David Washington
Batting: RHB Francisco Rodríguez 0-0: SINGLE (Groundball, 4MD)
Batting: LHB Richard Bell 0-0: Ball
1-0: Ball
Francisco Rodríguez steals 2nd base
2-0: Swinging Strike
2-1: Ball
3-1: Base on Balls
Batting: SHB Cipriano Soto 0-0: Ball
1-0: Swinging Strike
1-1: Foul Ball, location: 2F
1-2: Foul Ball, location: 2F
1-2: Strikes out swinging
Batting: LHB Jason Lambert 0-0: Ball
1-0: Ball
2-0: Foul Ball, location: 2F
2-1: SINGLE (Line Drive, 8RS)
Francisco Rodríguez to third
Richard Bell to second
Runner from 3rd tries for Home, throw and OUT!
Richard Bell to third
Jason Lambert to second
Batting: RHB Bill Little 0-0: Ball
1-0: Ball
2-0: Fly out, F8 (Flyball, 8LXD)
Bottom of the 7th over - 0 run(s), 2 hit(s), 0 error(s), 2 left on base; La Crosse 4 - Culver City 1
TOP OF THE 8TH
La Crosse Loggers batting - Pitching for Culver City Extras : RHP Jeffrey Campbell
Batting: RHB Sergio Sánchez 0-0: Called Strike
0-1: Swinging Strike
0-2: Ball
1-2: Strikes out swinging
Batting: RHB Jon Kenney 0-0: Swinging Strike
0-1: Swinging Strike
0-2: Strikes out looking
Batting: RHB Fraser Stanton 0-0: Ground out 4-3 (Groundball, 4)
Top of the 8th over - 0 run(s), 0 hit(s), 0 error(s), 0 left on base; La Crosse 4 - Culver City 1
BOTTOM OF THE 8TH
Culver City Extras batting - Pitching for La Crosse Loggers : RHP David Washington
Batting: RHB Max Rash 0-0: Ball
1-0: Foul Ball, location: 2F
1-1: Fly out, F3 (Popup, 3DF)
Batting: LHB Stan Bates 0-0: Ground out 4-3 (Groundball, 4)
Batting: RHB Jesús Gonzáles 0-0: Ball
1-0: Foul Ball, location: 2F
1-1: Ball
2-1: Ball
3-1: Swinging Strike
3-2: Foul Ball, location: 2F
3-2: Strikes out swinging
Bottom of the 8th over - 0 run(s), 0 hit(s), 0 error(s), 0 left on base; La Crosse 4 - Culver City 1
TOP OF THE 9TH
La Crosse Loggers batting - Pitching for Culver City Extras : RHP Jeffrey Campbell
Pitching: LHP Artie Nelson
Batting: RHB Robert Barnard 0-0: Called Strike
0-1: SINGLE (Groundball, 56)
Batting: RHB Vicente Vélez 0-0: Foul Ball, location: 2F
0-1: Ball
1-1: Foul Ball, location: 2F
1-2: Fly out, F7 (Flyball, 78M)
Batting: RHB Jimmy Smith 0-0: Called Strike
0-1: Foul Ball, location: 2F
0-2: Ball
Throwing error on steal attempt, E2
Robert Barnard to third
1-2: Hit by Pitch
Batting: LHB Ricardo Ruíz 0-0: Called Strike
Jimmy Smith steals 2nd base
0-1: Called Strike
0-2: Strikes out looking
Batting: LHB Oliver Beltrán 0-0: Called Strike
0-1: SINGLE (Groundball, 3D)
Robert Barnard scores
Jimmy Smith to third
Runner from 3rd tries for Home, SAFE, no throw or cutoff
Batting: RHB Paul Bailey 0-0: Foul Ball, location: 2F
0-1: Fly out, F4 (Line Drive, 4)
Top of the 9th over - 2 run(s), 2 hit(s), 1 error(s), 1 left on base; La Crosse 6 - Culver City 1
BOTTOM OF THE 9TH
Culver City Extras batting - Pitching for La Crosse Loggers : RHP David Washington
Batting: RHB Cal Rogers 0-0: Called Strike
0-1: Called Strike
0-2: Ball
1-2: Strikes out swinging
Batting: RHB Francisco Rodríguez 0-0: Called Strike
0-1: Ball
1-1: Foul Ball, location: 2F
1-2: Ball
2-2: Ball
3-2: SINGLE (Groundball, 56D)
Pitching: LHP Marty Blasingame
Batting: LHB Richard Bell 0-0: Ball
1-0: Fly out, F6 (Popup, 7LSF)
Batting: SHB Cipriano Soto 0-0: Ball
1-0: Ball
2-0: Called Strike
2-1: Ball
3-1: Foul Ball, location: 2F
3-2: Base on Balls
Francisco Rodríguez to second
Batting: LHB Jason Lambert 0-0: Fly out, F7 (Flyball, 78D)
Bottom of the 9th over - 0 run(s), 1 hit(s), 0 error(s), 2 left on base; La Crosse 6 - Culver City 1
This league is powered by Out of the Park Baseball, the baseball management simulation game for PC, Mac and Linux
Wednesday, December 2nd, 2015 - OOTP Baseball 16.8 Build 38